 Dungeon Crawl Stone Soup version 0.28.0-43-g3370ac3207 (webtiles) character file.

Game seed: 7129129396166527098

28 croobank the Firebug (level 3, -3/26 HPs)
             Began as a Draconian Fire Elementalist on Mar 30, 2022.
             Slain by a gnoll
             ... wielding a +0 flail
              (5 damage)
             ... on level 2 of the Dungeon.
             The game lasted 00:03:35 (869 turns).

croobank the Firebug (Draconian Fire Elementalist)   Turns: 869, Time: 00:03:36

Health: -3/26      AC:  5    Str: 10    XL:     3   Next: 0%
Magic:  6/6        EV: 12    Int: 17    God:
Gold:   25         SH:  0    Dex: 11    Spells: 3/6 levels left

rFire   . . .      SeeInvis .   c - +0 short sword
rCold   . . .      Faith    .   (no shield)
rNeg    . . .      Spirit   .   (armour unavailable)
rPois   .          Reflect  .   (helmet restricted)
rElec   .          Harm     .   (no cloak)
rCorr   .          Rampage  .   (no gloves)
Will    .....                   (no boots)
Stlth   ++........              (no amulet)
HPRegen 0.08/turn               (no ring)
MPRegen 0.10/turn               (no ring)

@: no status effects
A: AC +5, unfitting armour, cold-blooded
a: no special abilities


You were on level 2 of the Dungeon.
You visited 1 branch of the dungeon, and saw 2 of its levels.

You collected 25 gold pieces.

Inventory:

Hand Weapons
 c - a +0 short sword (weapon)
Missiles
 a - 8 poisoned darts
 d - 6 boomerangs
 f - 41 stones
Scrolls
 g - a scroll of identify {unknown}
Potions
 b - a potion of magic
 e - a potion of flight {unknown}


   Skills:
 + Level 2.1 Dodging
 + Level 2.2 Stealth
 + Level 2.3 Spellcasting
 + Level 1.5 Conjurations
 + Level 3.2 Fire Magic


You had 3 spell levels left.
You knew the following spells:

 Your Spells              Type           Power      Damage    Failure   Level
a - Foxfire               Conj/Fire      40%        2x1d6     7%          1
b - Scorch                Fire           26%        2d6       8%          2

Your spell library contained the following spells:

 Spells                   Type           Power      Damage    Failure   Level
 Conjure Flame            Conj/Fire      10%        6-21      22%         3
 Inner Flame              Hex/Fire       7%         N/A       28%         3
 Flame Wave               Conj/Fire      10%        2d5       56%         4


Dungeon Overview and Level Annotations

Branches:
Dungeon (2/15)

Altars:


Innate Abilities, Weirdness & Mutations

Your plain brown scales are hard. (AC +5)
You cannot fit into any form of body armour.
You are cold-blooded and may be slowed by cold attacks.


Message History

The gnoll is severely wounded.
The foxfire hits the gnoll.
The gnoll is severely wounded.
The gnoll misses you.
An orc comes into view. It is wielding a +0 whip.
Casting: Foxfire (safe; 7% risk of failure)
Confirm with . or Enter, or press ? or * to list all spells.
You don't have enough magic to cast this spell.
Casting: Foxfire (safe; 7% risk of failure)
Confirm with . or Enter, or press ? or * to list all spells.
You don't know that spell.
A ball python comes into view.
The ball python hisses angrily.
The orc closely misses you.
The orc grunts to no one in particular.
The bullfrog skeleton barely misses you.
The ball python misses you. The ball python grabs you.
The ball python constricts you.
You escape the ball python's grasp.
The gnoll hits you with a +0 flail!
Found a purple potion.
A bat comes into view.
The gnoll misses you.
Casting: Foxfire (safe; 7% risk of failure)
Confirm with . or Enter, or press ? or * to list all spells.
You conjure some foxfire!
The gnoll barely misses you. The gnoll hits you but does no damage.
You hit the gnoll.
The gnoll is heavily wounded.
The foxfire hits the gnoll but does no damage.
The foxfire hits the gnoll.
The gnoll is severely wounded.
The ball python barely misses you. The ball python closely misses you.
The gnoll hits you with a +0 whip! The gnoll closely misses you.
The gnoll hits you but does no damage.
It was a potion of magic.
Magic courses through your body. The ball python misses you.
The ball python barely misses you. The gnoll hits you with a +0 whip!
* * * LOW HITPOINT WARNING * * *
The gnoll hits you with a +0 flail.
You die...

..................
####....................
#..................##...
...................##...
...................##.).
...................##...
..!................##...
.b.....gZ.#........####.
#..@og...........#..
#..Sg............#..
#................#..
#..........#.....#..
######.....#.....#..
#.....+.....+..
#.....#.....#.. #.....#
####.. #.....# #..


You could see 3 gnolls, an orc, a bat (asleep), a ball python and a bullfrog
skeleton.

Vanquished Creatures
  A gnoll (D:2)
  2 endoplasms (D:2)
  3 hobgoblins (D:1)
  2 jackals (D:1)
  3 ball pythons (D:1)
  2 bats (D:1)
  A frilled lizard (D:2)
  3 kobolds (D:1)
  A rat (D:1)
18 creatures vanquished.

Vanquished Creatures (others)
  54 foxfires
54 creatures vanquished.

Grand Total: 72 creatures vanquished

Notes
Turn   | Place    | Note
-------+----------+-------------------------------------------
     0 | D:1      | croobank the Draconian Fire Elementalist began the quest
                  | for the Orb.
     0 | D:1      | Reached XP level 1. HP: 14/14 MP: 3/3
   436 | D:1      | Reached XP level 2. HP: 17/20 MP: 0/5
   439 | D:1      | Learned a level 2 spell: Scorch
   848 | D:2      | Reached XP level 3. HP: 26/26 MP: 0/6
   869 | D:2      | Slain by a gnoll

Illustrated notes

Levels and vault maps discovered:
D:1:      minmay_arrival_wavy_path, layout_basic, chequers_garden,
          minmay_misc_feat_pillars
D:2:      layout_basic, kennysheep_generic_room_5

Skill      XL: |  1  2 |
---------------+-------+-----
Stealth        | 2 |  2.2
Dodging        | 2 |  2.1
Spellcasting   | |  2.3
Conjurations   | |  1.5
Fire Magic     | |  3.2

Action                   || total
-------------------------++-------
Melee: Short sword       ||     6
       Tailslap          ||     2
 Cast: Foxfire           ||    29
       Scorch            ||     1
  Use: Potion            ||     1
Armor: Skin              ||    13
Dodge: Dodged            ||    18
